BR (22 & UNDER)
LONG BEACH KO @ HARTFORD DARTH WHALERS
07/24/2030
 
TOP OF THE 1ST
Long Beach KO batting - Pitching for Hartford Darth Whalers : RHP John Stephenson
Pitching: RHP John Stephenson
Batting: SHB Honorato Díaz 0-0: Ball
1-0: Called Strike
1-1: Foul Ball, location: 2F
1-2: Ball
2-2: Foul Ball, location: 2F
2-2: Ball
3-2: Fly out, F1 (Line Drive, 13)
Batting: RHB Kenny Canady 0-0: Called Strike
0-1: Ball
1-1: Ball
2-1: Foul Ball, location: 2F
2-2: Ball
3-2: SINGLE (Groundball, 56D)
Batting: RHB Bartolo Guzmán 0-0: Ball
1-0: Ball
2-0: Fly out, F9 (Flyball, 9S)
Batting: LHB James Navarro 0-0: Called Strike
0-1: Ball
1-1: Called Strike
1-2: Strikes out swinging
Top of the 1st over - 0 runs, 1 hit, 0 errors, 1 left on base; Long Beach 0 - Hartford 0
BOTTOM OF THE 1ST
Hartford Darth Whalers batting - Pitching for Long Beach KO : RHP José García
Pitching: RHP José García
Batting: SHB Will O'Clerkin 0-0: Called Strike
0-1: Called Strike
0-2: Strikes out swinging
Batting: LHB Edgar Cameron 0-0: Foul Ball, location: 2F
0-1: Foul Ball, location: 2F
0-2: Foul Ball, location: 2F
0-2: Ball
1-2: Foul Ball, location: 2F
1-2: SINGLE (Line Drive, 6M)
Batting: LHB Steve Woods 0-0: Called Strike
0-1: Called Strike
0-2: Ball
1-2: Fly out, F5 (Popup, 5F)
Batting: LHB Alejandro Gómez 0-0: Called Strike
0-1: Foul Ball, location: 2F
0-2: Foul Ball, location: 2F
0-2: Strikes out looking
Bottom of the 1st over - 0 runs, 1 hit, 0 errors, 1 left on base; Long Beach 0 - Hartford 0
TOP OF THE 2ND
Long Beach KO batting - Pitching for Hartford Darth Whalers : RHP John Stephenson
Batting: LHB Roberto Flores 0-0: Called Strike
0-1: Ball
1-1: Called Strike
1-2: Foul Ball, location: 2F
1-2: Strikes out swinging
Batting: RHB Cristián Romano 0-0: Called Strike
0-1: Called Strike
0-2: Ball
1-2: Ball
2-2: Strikes out swinging
Batting: SHB Luis Rodríguez 0-0: Swinging Strike
0-1: Ball
1-1: Ball
2-1: Ball
3-1: Called Strike
3-2: Strikes out swinging
Top of the 2nd over - 0 runs, 0 hits, 0 errors, 0 left on base; Long Beach 0 - Hartford 0
BOTTOM OF THE 2ND
Hartford Darth Whalers batting - Pitching for Long Beach KO : RHP José García
Batting: LHB Todd Gilliam 0-0: Ball
1-0: Ball
2-0: Ball
3-0: Called Strike
3-1: Base on Balls
Batting: LHB Eric Martin 0-0: Ball
1-0: Called Strike
1-1: Foul Ball, location: 2F
1-2: Ball
2-2: Grounds into double play, 4-6-3 (Groundball, 34)
Batting: RHB Richard Jeffries 0-0: Fly out, F7 (Flyball, 7LMF)
Bottom of the 2nd over - 0 runs, 0 hits, 0 errors, 0 left on base; Long Beach 0 - Hartford 0
TOP OF THE 3RD
Long Beach KO batting - Pitching for Hartford Darth Whalers : RHP John Stephenson
Batting: RHB Eduardo Collazo 0-0: Ball
1-0: Fly out, F8 (Flyball, 89D)
Batting: RHB Gianmaria Pianta 0-0: Ball
1-0: Ball
2-0: Fly out, F5 (Line Drive, 56)
Batting: SHB Honorato Díaz 0-0: Ball
1-0: Called Strike
1-1: Swinging Strike
1-2: Strikes out swinging
Top of the 3rd over - 0 runs, 0 hits, 0 errors, 0 left on base; Long Beach 0 - Hartford 0
BOTTOM OF THE 3RD
Hartford Darth Whalers batting - Pitching for Long Beach KO : RHP José García
Batting: RHB Vincent Lowe 0-0: Ball
1-0: Ball
2-0: Ball
3-0: Called Strike
3-1: Base on Balls
Batting: LHB Reginald Stokes 0-0: Called Strike
0-1: Foul Ball, location: 2F
0-2: Strikes out swinging
Batting: SHB Will O'Clerkin 0-0: Swinging Strike
0-1: Ball
Vincent Lowe steals 2nd base
1-1: Called Strike
1-2: Fly out, F7 (Flyball, 7LM)
Batting: LHB Edgar Cameron 0-0: Ball
1-0: SINGLE (Line Drive, 89S)
Vincent Lowe to third
Batting: LHB Steve Woods 0-0: Ball
1-0: Foul Ball, location: 2F
1-1: DOUBLE (Flyball, 8LXD)
Vincent Lowe scores
Edgar Cameron to third
Runner from 3rd tries for Home, SAFE, no throw
Batting: LHB Alejandro Gómez 0-0: Foul Ball, location: 2F
0-1: Ball
1-1: Called Strike
1-2: Ground out 6-3 (Groundball, 6)
Bottom of the 3rd over - 2 runs, 2 hits, 0 errors, 1 left on base; Long Beach 0 - Hartford 2
TOP OF THE 4TH
Long Beach KO batting - Pitching for Hartford Darth Whalers : RHP John Stephenson
Batting: RHB Kenny Canady 0-0: Foul Ball, location: 2F
0-1: Swinging Strike
0-2: Strikes out looking
Batting: RHB Bartolo Guzmán 0-0: Called Strike
0-1: Called Strike
0-2: Ball
1-2: Strikes out looking
Batting: LHB James Navarro 0-0: Foul Ball, location: 2F
0-1: Foul Ball, location: 2F
0-2: Ball
1-2: Ball
2-2: Ball
3-2: Strikes out swinging
Top of the 4th over - 0 runs, 0 hits, 0 errors, 0 left on base; Long Beach 0 - Hartford 2
BOTTOM OF THE 4TH
Hartford Darth Whalers batting - Pitching for Long Beach KO : RHP José García
Batting: LHB Todd Gilliam 0-0: Fly out, F7 (Flyball, 78S)
Batting: LHB Eric Martin 0-0: Foul Ball, location: 2F
0-1: Foul Ball, location: 2F
0-2: Strikes out swinging
Batting: RHB Richard Jeffries 0-0: Called Strike
0-1: Ball
1-1: Swinging Strike
1-2: Ball
2-2: Foul Ball, location: 2F
2-2: Foul Ball, location: 2F
2-2: Ball
3-2: Foul Ball, location: 2F
3-2: Strikes out swinging
Bottom of the 4th over - 0 runs, 0 hits, 0 errors, 0 left on base; Long Beach 0 - Hartford 2
TOP OF THE 5TH
Long Beach KO batting - Pitching for Hartford Darth Whalers : RHP John Stephenson
Batting: LHB Roberto Flores 0-0: Ball
1-0: Fly out, F8 (Flyball, 8RD)
Batting: RHB Cristián Romano 0-0: Swinging Strike
0-1: Ball
1-1: Foul Ball, location: 2F
1-2: Strikes out swinging
Batting: SHB Luis Rodríguez 0-0: SINGLE (Line Drive, 56)
Batting: RHB Eduardo Collazo 0-0: Ball
1-0: Called Strike
1-1: Ball
2-1: Called Strike
2-2: Foul Ball, location: 2F
2-2: Ball
3-2: Strikes out swinging
Top of the 5th over - 0 runs, 1 hit, 0 errors, 1 left on base; Long Beach 0 - Hartford 2
BOTTOM OF THE 5TH
Hartford Darth Whalers batting - Pitching for Long Beach KO : RHP José García
Batting: RHB Vincent Lowe 0-0: Foul Ball, location: 2F
0-1: SINGLE (Flyball, 89S)
Batting: LHB Reginald Stokes 0-0: Ball
1-0: Ball
2-0: Ball
3-0: Called Strike
3-1: Called Strike
Balk!
Vincent Lowe to second
3-2: Strikes out swinging
Batting: SHB Will O'Clerkin 0-0: Ball
1-0: Swinging Strike
1-1: Ball
2-1: SINGLE (Line Drive, 56D)
Vincent Lowe to third
Runner from 3rd tries for Home, SAFE, no throw
Batting: LHB Edgar Cameron 0-0: Ball
1-0: Foul Ball, location: 2F
1-1: Swinging Strike
1-2: Fly out, F7 (Flyball, 78M)
Batting: LHB Steve Woods 0-0: Called Strike
0-1: Foul Ball, location: 2F
0-2: Strikes out swinging
Bottom of the 5th over - 1 run, 2 hits, 0 errors, 1 left on base; Long Beach 0 - Hartford 3
TOP OF THE 6TH
Long Beach KO batting - Pitching for Hartford Darth Whalers : RHP John Stephenson
Batting: RHB Gianmaria Pianta 0-0: Called Strike
0-1: Ball
1-1: Ball
2-1: Fly out, F9 (Flyball, 9S)
Batting: SHB Honorato Díaz 0-0: Foul Ball, location: 2F
0-1: Fly out, F8 (Line Drive, 8RD)
Batting: RHB Kenny Canady 0-0: Called Strike
0-1: Ball
1-1: Fly out, F7 (Flyball, 7LS)
Top of the 6th over - 0 runs, 0 hits, 0 errors, 0 left on base; Long Beach 0 - Hartford 3
BOTTOM OF THE 6TH
Hartford Darth Whalers batting - Pitching for Long Beach KO : RHP José García
Batting: LHB Alejandro Gómez 0-0: Ball
1-0: Ball
2-0: Called Strike
2-1: Ball
3-1: Called Strike
3-2: Foul Ball, location: 2F
3-2: Fly out, F7 (Flyball, 7LMF)
Batting: LHB Todd Gilliam 0-0: Ball
1-0: Ball
2-0: Ball
3-0: Base on Balls
Batting: LHB Eric Martin 0-0: Called Strike
0-1: Ball
1-1: SINGLE (Groundball, 6MD)
Todd Gilliam to second
Runner from 2nd tries for 3rd, SAFE, no throw
Pinch Runner at 3rd Gilbert Nava:
Batting: RHB Richard Jeffries 0-0: SINGLE (Groundball, 6MD)
Gilbert Nava scores
Eric Martin to second
Batting: RHB Vincent Lowe 0-0: Fly out, F7 (Line Drive, 7)
Batting: LHB Reginald Stokes 0-0: Ball
1-0: Swinging Strike
1-1: Called Strike
1-2: Foul Ball, location: 2F
1-2: Ball
2-2: Ground out 6-3 (Groundball, 6)
Bottom of the 6th over - 1 run, 2 hits, 0 errors, 2 left on base; Long Beach 0 - Hartford 4
TOP OF THE 7TH
Long Beach KO batting - Pitching for Hartford Darth Whalers : RHP John Stephenson
Now at C: Gilbert Nava
Batting: RHB Bartolo Guzmán 0-0: Ball
1-0: Foul Ball, location: 2F
1-1: Ball
2-1: SINGLE (Line Drive, 89S)
Batting: LHB James Navarro 0-0: Called Strike
0-1: Foul Ball, location: 2F
0-2: Ball
1-2: Ball
2-2: Foul Ball, location: 2F
2-2: SINGLE (Flyball, 9S)
Bartolo Guzmán to second
Batting: LHB Roberto Flores 0-0: Foul Ball, location: 2F
0-1: Foul Ball, location: 2F
0-2: Ball
1-2: Ball
2-2: Foul Ball, location: 2F
2-2: SINGLE (Groundball, 3D)
Bartolo Guzmán to third
James Navarro to second
Batting: RHB Cristián Romano 0-0: Foul Ball, location: 2F
0-1: Ball
1-1: Fly out, F8 (Flyball, 8LD)
Runner from 3rd tags up, OUT at HOME
James Navarro to third
Roberto Flores to second
Batting: SHB Luis Rodríguez 0-0: Ball
1-0: Ball
2-0: Foul Ball, location: 2F
2-1: Swinging Strike
2-2: Ground out U3 (Groundball, 3S)
Top of the 7th over - 0 runs, 3 hits, 0 errors, 2 left on base; Long Beach 0 - Hartford 4
BOTTOM OF THE 7TH
Hartford Darth Whalers batting - Pitching for Long Beach KO : RHP José García
Batting: SHB Will O'Clerkin 0-0: Ground out U3 (Groundball, 3L)
Batting: LHB Edgar Cameron 0-0: Ball
1-0: Ball
2-0: Fly out, F9 (Flyball, 9LM)
Batting: LHB Steve Woods 0-0: SINGLE (Flyball, 89S)
Batting: LHB Alejandro Gómez 0-0: SINGLE (Groundball, 6D)
Steve Woods to second
Batting: RHB Gilbert Nava 0-0: Swinging Strike
0-1: Fly out, F5 (Line Drive, 56S)
Bottom of the 7th over - 0 runs, 2 hits, 0 errors, 2 left on base; Long Beach 0 - Hartford 4
TOP OF THE 8TH
Long Beach KO batting - Pitching for Hartford Darth Whalers : RHP John Stephenson
Batting: RHB Eduardo Collazo 0-0: Foul Ball, location: 2F
0-1: Ball
1-1: Ground out 1-3 (Groundball, 13S)
Pitching: RHP Jesús Caballero
Batting: RHB Gianmaria Pianta 0-0: SINGLE (Groundball, 6D)
Batting: SHB Honorato Díaz 0-0: Called Strike
0-1: Foul Ball, location: 2F
0-2: Foul Ball, location: 2F
0-2: Strikes out looking
Batting: RHB Kenny Canady 0-0: Ball
1-0: Called Strike
1-1: Hit by Pitch
Gianmaria Pianta to second
Batting: RHB Bartolo Guzmán 0-0: Ball
1-0: Ball
2-0: DOUBLE (Groundball, 3L)
Gianmaria Pianta scores
Kenny Canady to third
Runner from 3rd tries for Home, SAFE, no throw
Pitching: RHP Marcos Lozano
Batting: LHB James Navarro 0-0: Called Strike
0-1: Ball
1-1: Ball
2-1: Swinging Strike
2-2: Ball
3-2: Foul Ball, location: 2F
3-2: Fly out, F8 (Flyball, 8RXD)
Top of the 8th over - 2 runs, 2 hits, 0 errors, 1 left on base; Long Beach 2 - Hartford 4
BOTTOM OF THE 8TH
Hartford Darth Whalers batting - Pitching for Long Beach KO : RHP José García
Batting: LHB Eric Martin 0-0: Called Strike
0-1: Ball
1-1: SINGLE (Groundball, 25) (infield hit)
Batting: RHB Richard Jeffries 0-0: SINGLE (Groundball, 56)
Eric Martin to second
Pinch Hitting: LHB Timothy Pierce 0-0: Ball
1-0: Ball
2-0: Called Strike
2-1: Ball
3-1: Foul Ball, location: 2F
3-2: Base on Balls
Eric Martin to third
Richard Jeffries to second
Pitching: LHP Carlos León
Pinch Hitting: RHB Ryan Thrippleton 0-0: Called Strike
0-1: Ball
1-1: Called Strike
1-2: Foul Ball, location: 2F
1-2: Foul Ball, location: 2F
1-2: Fly out, F8 (Flyball, 8RM)
Runner from 3rd tags up, SCORES, throw made
Pitching: LHP Marc O'Dwyer
Batting: SHB Will O'Clerkin 0-0: Called Strike
0-1: Fielders Choice at 2nd, 6-4 (Groundball, 6)
Richard Jeffries to third
Batting: LHB Edgar Cameron 0-0: Fielders Choice at 2nd, 5-4 (Groundball, 5)
Bottom of the 8th over - 1 run, 2 hits, 0 errors, 2 left on base; Long Beach 2 - Hartford 5
TOP OF THE 9TH
Long Beach KO batting - Pitching for Hartford Darth Whalers : RHP Marcos Lozano
Pitching: RHP John O'Neill
Now in LF: Ryan Thrippleton
Now in RF: Ramón Santos
Batting: LHB Roberto Flores 0-0: Foul Ball, location: 2F
0-1: Ball
1-1: Foul Ball, location: 2F
1-2: Strikes out looking
Batting: RHB Cristián Romano 0-0: Ball
1-0: Foul Ball, location: 2F
1-1: Called Strike
1-2: Ball
2-2: Ball
3-2: Strikes out swinging
Batting: SHB Luis Rodríguez 0-0: Ball
1-0: Ball
2-0: Called Strike
2-1: Swinging Strike
2-2: Strikes out swinging
Top of the 9th over - 0 runs, 0 hits, 0 errors, 0 left on base; Long Beach 2 - Hartford 5
Saturday, April 7th, 2018 - OOTP Baseball 18.8 Build 76